 Dungeon Crawl Stone Soup version 0.29.1-12-g30fa7ad0bf (webtiles) character file.

Game seed: 4175837909751204999

347 tmanko the Trooper (level 6, 0/40 HPs)
             Began as a Gargoyle Fighter on Dec 19, 2022.
             Slain by an orc wizard
             ... wielding a +0 dagger
              (1 damage)
             ... on level 4 of the Dungeon.
             The game lasted 00:07:29 (4310 turns).

tmanko the Trooper (Gargoyle Fighter)               Turns: 4310, Time: 00:07:30

Health: 0/40       AC: 12    Str: 22    XL:     6   Next: 59%
Magic:  6/6        EV:  9    Int:  8    God:
Gold:   145        SH:  4    Dex:  9    Spells: 5/5 levels left

rFire   . . .      SeeInvis .   a - +0 war axe
rCold   . . .      Faith    +   c - +0 buckler
rNeg    + . .      Spirit   .   b - +0 scale mail
rPois   ∞          Reflect  .   (no helmet)
rElec   +          Harm     .   (no cloak)
rCorr   .          Rampage  .   e - +0 pair of gloves
Will    .....                   (no boots)
Stlth   ..........              p - amulet of faith
HPRegen 0.13/turn               (no ring)
MPRegen 0.10/turn               (no ring)

@: no status effects
A: sickness immunity, AC +4, negative energy resistance 1, electricity
resistance, torment resistance 1, petrification resistance
a: no special abilities


You were on level 4 of the Dungeon.
You visited 1 branch of the dungeon, and saw 4 of its levels.

You collected 145 gold pieces.

Inventory:

Hand Weapons
 a - a +0 war axe (weapon)
Missiles
 f - 2 poisoned darts
 v - 3 stones (quivered)
Armour
 b - a +0 scale mail (worn)
 c - a +0 buckler (worn)
 e - a +0 pair of gloves (worn)
Jewellery
 p - an amulet of faith (around neck)
 u - an amulet of the acrobat
Scrolls
 g - a scroll of fear {unknown}
 k - 3 scrolls of identify {unknown}
 l - 2 scrolls of poison {unknown}
 m - 2 scrolls of noise {unknown}
 r - 2 scrolls of teleportation {unknown}
 t - a scroll of magic mapping {unknown}
Potions
 d - a potion of might
 h - 2 potions of lignification {unknown}
 i - 2 potions of mutation {unknown}
 j - 2 potions of degeneration {unknown}
 n - 3 potions of heal wounds {unknown}
 o - a potion of curing {unknown}
 q - a potion of berserk rage {unknown}
 s - a potion of attraction {unknown}


   Skills:
 + Level 5.2 Fighting
 + Level 3.7 Axes
 - Level 2.0 Throwing
 - Level 4.0 Armour
 - Level 4.0 Shields


You had 5 spell levels left.
You didn't know any spells.
Your spell library contained the following spells:

 Spells                   Type           Power      Damage    Failure   Level
 Beastly Appendage        Tmut           0%         N/A       82%         1
 Freeze                   Ice            0%         1d3       82%         1
 Wereblood                Tmut           0%         N/A       91%         2
 Frozen Ramparts          Ice            0%         1d1       99%         3
 Inner Flame              Hex/Fire       0%         N/A       99%         3
 Spider Form              Tmut/Pois      0%         N/A       99%         3
 Cause Fear               Hex            0%         N/A       100%        4
 Hailstorm                Conj/Ice       0%         3d3       100%        4
 Discord                  Hex            0%         N/A       100%        8


Dungeon Overview and Level Annotations

Branches:
Dungeon (4/15)
 Temple: D:4-7

Altars:
Ru


Innate Abilities, Weirdness & Mutations

You are immune to sickness and miasma.
Your stone body is resilient. (AC +4)
You are immune to poison.
You resist negative energy. (rN+)
You are resistant to electric shocks. (rElec)
You are resistant to unholy torment.
You are immune to petrification.


Message History

Deactivating autopickup; reactivate with Ctrl-A.
The orc wizard gestures at you while chanting.
The magic dart hits you.
You hit the orc wizard.
You kill the orc wizard!
You hear some strange, mumbled words.
Something tries to affect you, but you resist.
Something hits you but does no damage.
The orc hits you from afar with a +0 trident.
Items here: )) [[.
You miss something. Something hits you.
The orc hits you from afar with a +0 trident.
You miss something. The orc closely misses you.
Something hits you but does no damage. Something hits you.
You block the orc's attack.
You miss something. Something hits you. The orc closely misses you.
You closely miss something.
You hear some strange, mumbled words.
A magic dart appears from out of thin air!
The magic dart hits you but does no damage.
The orc hits you from afar with a +0 trident.
You hit something. The orc barely misses you. Something hits you. x2
The orc barely misses you.
You miss something.
The orc hits you from afar with a +0 trident.
You hit something but do no damage. Something hits you but does no damage.
The orc hits you but does no damage.
You barely miss something. Something hits you.
* * * LOW HITPOINT WARNING * * *
The orc hits you but does no damage.
The orc hits you from afar with a +0 trident.
* * * LOW HITPOINT WARNING * * *
Something hits you.
* * * LOW HITPOINT WARNING * * *
You barely miss something.
The orc hits you from afar with a +0 trident.
* * * LOW HITPOINT WARNING * * *
You slash something! You block the orc's attack.
Something hits you but does no damage. Something hits you.
You die...

#.#.##.# #.....# ##
#.#.##.# #...### #
#......# #.### #
##...### #.# #
##.#.#.#####.### #
#.##.##........### #
#.##...oo##......# #
#.#####{###..#.#.######
##.###@## #............
##...## #......######
##### #......# ###o..##
#n..# #...# # #...# ###
#.?.. ... #...## #.#


You could see 2 orcs.

Vanquished Creatures
  A necrophage (D:4)
  An orc priest (D:3)
  5 orc wizards
  5 adders
  3 worms
  2 dart slugs
  17 orcs
  7 ball pythons
  5 endoplasms
  A giant cockroach (D:1)
  4 goblins
  2 hobgoblins
  3 bats
  2 frilled lizards
  6 kobolds
  3 rats (D:3)
67 creatures vanquished.

Notes
Turn   | Place    | Note
-------+----------+-------------------------------------------
     0 | D:1      | tmanko the Gargoyle Fighter began the quest for the Orb.
     0 | D:1      | Reached XP level 1. HP: 14/14 MP: 1/1
   248 | D:1      | Reached XP level 2. HP: 19/19 MP: 2/2
  1486 | D:2      | Reached XP level 3. HP: 14/23 MP: 3/3
  1804 | D:2      | Found a faded altar of an unknown god.
  2014 | D:2      | Found a sacrificial altar of Ru.
  2746 | D:2      | Reached skill level 1 in Throwing
  2746 | D:2      | Reached XP level 4. HP: 23/29 MP: 4/4
  3024 | D:3      | Reached skill level 4 in Fighting
  3211 | D:3      | Reached XP level 5. HP: 33/33 MP: 5/5
  3849 | D:4      | Reached XP level 6. HP: 13/39 MP: 6/6
  4296 | D:4      | Reached skill level 5 in Fighting
  4309 | D:4      | HP: 1/40 [orc/+0 trident (3)]
  4310 | D:4      | Slain by an orc wizard

Illustrated notes

Levels and vault maps discovered:
D:1:      sevenhm_arrival_forest_fort_small_4, layout_basic, minmay_hexomino_f4
D:2:      layout_loops_corners, shapermc_ecumenical_altar_notcrosses,
          basic_altar
D:3:      layout_rooms
D:4:      layout_loops_cross, ebering_ghost_sewer_d, uniq_sigmund

Skill      XL: |  1  2  3  4  5  6 |
---------------+-------------------+-----
Axes           | 2 3 |  3.7
Throwing       | 1 2 |  2.0
Fighting       | 4 5 |  5.2
Shields        | 4 |  4.0
Armour         | 4 |  4.0

Action                   |  1- 3 |  4- 6 || total
-------------------------+-------+-------++-------
Melee: War axe           |   106 |   165 ||   271
Throw: Dart              |     2 |       ||     2
       Stone             |       |     4 ||     4
Armor: Scale mail        |    70 |    98 ||   168
Dodge: Dodged            |    44 |    60 ||   104
Block: Buckler           |    26 |    34 ||    60
